 Dungeon Crawl Stone Soup version 0.29.1-2-gbd0b4ee654 (webtiles) character file.

Game seed: 7221804335710006749

9223 Labrat the Destroyer (level 11, -7/86 HPs)
             Began as a Demigod Conjurer on Nov 24, 2022.
             Shot with an arrow by a centaur warrior (11 damage)
             ... on level 9 of the Dungeon on Nov 25, 2022.
             The game lasted 00:37:38 (13444 turns).

Labrat the Destroyer (Demigod Conjurer)            Turns: 13444, Time: 00:37:38

Health: -7/86      AC: 11    Str:  8    XL:     11   Next: 0%
Magic:  4/29       EV: 16    Int: 32    God:
Gold:   386        SH:  0    Dex: 12    Spells: 23/30 levels left

rFire   . . .      SeeInvis .   p - +2 mace (protect)
rCold   . . .      Faith    .   (no shield)
rNeg    . . .      Spirit   .   s - +2 robe {Will+}
rPois   .          Reflect  .   (no helmet)
rElec   .          Harm     .   H - scarf {shadows}
rCorr   +          Rampage  .   (no gloves)
Will    ++...                   (no boots)
Stlth   ++........              m - amulet of the acrobat
HPRegen 0.24/turn               f - +4 ring of evasion
MPRegen 0.21/turn               L - ring of resist corrosion

@: under a protective aura, studying Armour
A: high MP 1, forlorn, divine attributes
a: no special abilities


You were on level 9 of the Dungeon.
You visited 1 branch of the dungeon, and saw 11 of its levels.
You also visited: Bailey.

You collected 416 gold pieces.
You spent 30 gold pieces at shops.

Inventory:

Hand Weapons
 p - a +2 mace of protection (weapon)
Missiles
 D - 2 throwing nets
Armour
 s - a +2 robe of willpower (worn)
 v - the +2 robe of Vemouc {Will+ rCorr Dex-5}
   (You found it on level 4 of the Dungeon)

   Dex:       It affects your dexterity (-5).
   rCorr:     It protects you from acid and corrosion.
   Will:      It increases your willpower.
 C - a +0 cloak
 H - a scarf of shadows (worn)
 I - a +0 buckler
 J - +0 acid dragon scales
Jewellery
 f - a +4 ring of evasion (left hand)
 m - an amulet of the acrobat (around neck)
 L - a ring of resist corrosion (right hand)
Wands
 c - a wand of digging (1)
 w - a wand of quicksilver (9)
 y - a wand of paralysis (10)
 K - a wand of iceblast (12)
Scrolls
 d - 2 scrolls of enchant armour
 e - 2 scrolls of teleportation
 h - a scroll of silence {unknown}
 j - a scroll of noise {unknown}
 k - a scroll of acquirement
 n - 2 scrolls of vulnerability
 r - a scroll of immolation
 u - a scroll of torment
 E - a scroll of identify
 F - 2 scrolls of poison {unknown}
Potions
 a - 2 potions of heal wounds
 b - 2 potions of magic
 g - a potion of berserk rage
 i - a potion of cancellation
 l - a potion of invisibility
 o - a potion of mutation
 q - 4 potions of curing
 t - a potion of flight {unknown}
 x - 2 potions of degeneration {unknown}
 z - a potion of haste {unknown}
 A - a potion of attraction {unknown}
 B - a potion of lignification {unknown}
 G - a potion of brilliance {unknown}
 M - a potion of experience


   Skills:
 - Level 5.0 Fighting
 - Level 1.7 Dodging
 - Level 1.7 Stealth
 + Level 10.0 Spellcasting
 + Level 10.4 Conjurations
 - Level 5.0 Evocations


You had 23 spell levels left.
You knew the following spells:

 Your Spells              Type           Power      Damage    Failure   Level
a - Magic Dart            Conj           100%       1d8       1%          1
b - Searing Ray           Conj           100%       2d8       1%          2
c - Iskenderun's Mystic   Conj/Tloc      49%        2d11      3%          4

Your spell library contained the following spells:

 Spells                   Type           Power      Damage    Failure   Level
 Dazzling Flash           Conj/Hex       98%        N/A       1%          3
 Apportation              Tloc           32%        N/A       3%          1
 Necrotise                Necr           64%        1d7       3%          1
 Fulminant Prism          Conj/Hex       24%        3d13      3%          4
 Alistair's Intoxication  Tmut/Pois      10%        N/A       63%         5


Dungeon Overview and Level Annotations

Branches:
Dungeon (11/15)            Temple (0/1) D:6          Bailey (visited)
   Lair: D:8-11         Orc: D:9-12

Shops:
D:2 =   D:3 ?   D:7 *

Annotations:
D:4 2 transporters, yodak's ghost, amateur HOFi
D:5 3 runed translucent doors, rlgrobin's ghost, novice MiFi


Innate Abilities, Weirdness & Mutations

You have an increased reservoir of magic. (+10% MP)
You shall have no god before yourself.
Your divine heritage dramatically boosts your attributes as you level up.


Message History

You hit the centaur warrior.
The centaur warrior is lightly wounded.
The helpless centaur warrior fails to defend itself.
You hit the centaur warrior.
The centaur warrior is lightly wounded.
The helpless centaur warrior fails to defend itself.
You hit the centaur warrior.
The centaur warrior is moderately wounded.
The helpless centaur warrior fails to defend itself.
You hit the centaur warrior.
The centaur warrior is moderately wounded.
The helpless centaur warrior fails to defend itself.
You hit the centaur warrior.
The centaur warrior is moderately wounded.
The helpless centaur warrior fails to defend itself.
You sock the centaur warrior!
The centaur warrior is heavily wounded.
The helpless centaur warrior fails to defend itself.
You hit the centaur warrior.
The centaur warrior is heavily wounded.
The helpless centaur warrior fails to defend itself.
You hit the centaur warrior.
The centaur warrior is severely wounded.
The centaur warrior is no longer paralysed.
The centaur warrior unwields a +0 shortbow.
The centaur warrior closely misses you.
The centaur warrior kicks you but does no damage.
The centaur warrior hits you!
* * * LOW HITPOINT WARNING * * *
The centaur warrior kicks you.
* * * LOW HITPOINT WARNING * * *
Casting: Searing Ray (safe; 1% risk of failure)
Confirm with . or Enter, or press ? or * to list all spells.
You erupt in a blast of force!
The mystic blast hits the centaur warrior!!
The centaur warrior is almost dead.
The centaur warrior is knocked back by the mystic blast.
The centaur warrior wields a +0 shortbow.
The centaur warrior shoots an arrow.
The arrow hits you!
You die...

,,,,,* ,...,* *******
****** .....***,....#*
#....# .....#*,..:...##
#....# .!...#,........#
#....# .....#,........#
#....# .....#.........#
#....#
.....#.........###....#
..............c.@..)..#
...............###....#
.....8.........# #....#
..............)# #....#
..8.....8......# ##.###
.....÷.÷.......# *..#
....†c........##*#.##
.8..[[...8[..## *,,*
.........)#### *,**


You could see a centaur warrior.

Vanquished Creatures
  A deep elf pyromancer (D:11)
  A cyclops (D:11)
  Maggie (D:6)
  2 wraiths
  11 yaks
  A wyvern (D:10)
  Menkaure (D:7)
  An acid dragon (D:8)
  An ice beast (D:6)
  5 sky beasts
  12 orc warriors
  2 black bears (D:6)
  An ogre (D:6)
  12 centaurs
  A phantom (D:5)
  4 bullfrogs
  4 gnoll sergeants
  A scorpion (D:6)
  A necrophage (D:4)
  17 killer bees
  10 howler monkeys
  3 gnoll boudas
  5 orc priests
  A jelly (D:5)
  Crazy Yiuf (D:3)
  5 hounds
  2 iguanas
  8 orc wizards
  8 adders
  27 gnolls
  3 white imps (D:5)
  4 ufetubi
  6 worms
  3 dart slugs
  53 orcs
  8 ball pythons
  2 endoplasms
  3 giant cockroaches
  4 goblins
  9 hobgoblins
  12 jackals
  10 kobolds
  5 quokkas
  6 bats
  A frilled lizard (D:2)
  8 rats
287 creatures vanquished.

Vanquished Creatures (others)
  4 plants (D:4)
4 creatures vanquished.

Grand Total: 291 creatures vanquished

Notes
Turn   | Place    | Note
-------+----------+-------------------------------------------
     0 | D:1      | Labrat the Demigod Conjurer began the quest for the Orb.
     0 | D:1      | Reached XP level 1. HP: 14/14 MP: 5/5
     2 | D:1      | Noticed a demonspawn
     2 | D:1      | Noticed a demigod
     4 | D:1      | Noticed an elf
     6 | D:1      | Noticed a formicid
     6 | D:1      | Noticed a human
     8 | D:1      | Noticed a felid
     8 | D:1      | Noticed a vampire
    10 | D:1      | Noticed a minotaur
    10 | D:1      | Noticed a meteoran
    12 | D:1      | Noticed an octopode
    12 | D:1      | Noticed a spriggan
    14 | D:1      | Noticed a naga
    14 | D:1      | Noticed a merfolk
    16 | D:1      | Noticed a palentonga
    16 | D:1      | Noticed a troll
    18 | D:1      | Noticed a ghoul
    18 | D:1      | Noticed a tengu
    20 | D:1      | Noticed an ogre
    22 | D:1      | Noticed a draconian
    24 | D:1      | Noticed a vine stalker
    24 | D:1      | Noticed a vampire
    27 | D:1      | Noticed a draconian
    27 | D:1      | Noticed a ghoul
   173 | D:1      | Reached XP level 2. HP: 9/20 MP: 0/7
  1168 | D:1      | Learned a level 2 spell: Searing Ray
  1193 | D:1      | Reached XP level 3. HP: 10/26 MP: 4/9
  1764 | D:2      | Reached XP level 4. HP: 33/33 MP: 7/11
  2276 | D:2      | Found Deatuyr's Jewellery Emporium.
  2680 | D:3      | Got Plato's Guide on the Undead
  2689 | D:3      | Found Ixesikho's Magic Scroll Boutique.
  2695 | D:3      | Bought a scroll of teleportation for 30 gold pieces
  2698 | D:3      | Identified a scroll of acquirement
  2744 | D:3      | Found a runed translucent door.
  2745 | D:3      | Noticed Crazy Yiuf
  2998 | D:3      | Reached XP level 5. HP: 38/38 MP: 4/13
  3366 | D:4      | Found a transporter.
  3367 | D:4      | Noticed yodak's ghost (amateur HOFi)
  3369 | D:4      | Found a transporter.
  3468 | D:4      | Reached skill level 5 in Conjurations
  3773 | D:4      | Noticed a sky beast
  3781 | D:4      | Killed a sky beast
  3782 | D:4      | Reached XP level 6. HP: 45/45 MP: 5/15
  3994 | D:4      | Identified the +2 robe of Vemouc {Will+ rCorr Dex-5}
  4541 | D:5      | Entered Level 5 of the Dungeon
  4548 | D:5      | Noticed a two-headed ogre
  4549 | D:5      | Noticed rlgrobin's ghost (novice MiFi)
  4559 | D:5      | Found a runed translucent gate.
  4559 | D:5      | Found a runed translucent gate.
  4625 | D:5      | Found a runed translucent gate.
  5530 | D:6      | Noticed Maggie
  5547 | D:6      | Killed Maggie
  5548 | D:6      | Reached skill level 5 in Spellcasting
  5548 | D:6      | Reached XP level 7. HP: 30/50 MP: 0/18
  5561 | D:6      | Noticed a yak
  5564 | D:6      | Noticed a yak
  5705 | D:5      | Learned a level 4 spell: Iskenderun's Mystic Blast
  5706 | D:6      | Found a staircase to the Ecumenical Temple.
  5899 | D:6      | Noticed a yak
  5904 | D:6      | Noticed a yak
  5905 | D:6      | Noticed a yak
  5907 | D:6      | Noticed a yak
  5909 | D:6      | Killed a yak
  5910 | D:6      | Reached XP level 8. HP: 24/57 MP: 8/20
  7034 | D:6      | Reached skill level 1 in Fighting
  7123 | D:6      | Reached skill level 1 in Evocations
  7156 | D:6      | Reached XP level 9. HP: 67/67 MP: 14/25
  7464 | D:3      | Killed Crazy Yiuf
  7612 | D:7      | Found Ynomikk's Assorted Antiques.
  7936 | D:7      | Noticed Menkaure
  7944 | D:7      | Killed Menkaure
  8094 | D:7      | Identified the +0 scale mail "Rano" {Dex+4}
  9187 | D:8      | Reached skill level 5 in Fighting
  9187 | D:8      | Reached skill level 5 in Evocations
  9982 | D:8      | Reached XP level 10. HP: 81/81 MP: 18/26
 10049 | D:8      | You fall into a shaft and drop 3 floors!
 10052 | D:11     | Noticed a cyclops
 10289 | D:11     | Noticed a boulder beetle
 10305 | D:11     | Noticed a deep elf pyromancer
 10657 | D:11     | Identified the +0 leather armour "Dudwat" {rCorr SInv
                  | Stlth-}
 10667 | D:11     | Killed a cyclops
 10693 | D:11     | Killed a deep elf pyromancer
 10806 | D:10     | Entered Level 10 of the Dungeon
 11094 | D:9      | Found a flagged portal.
 11105 | D:9      | Noticed a centaur warrior
 11107 | Bailey   | Entered a bailey
 11795 | Bailey   | Reached skill level 10 in Conjurations
 13116 | Bailey   | Reached skill level 10 in Spellcasting
 13403 | D:9      | HP: 2/81 [centaur warrior/arrow (15)]
 13427 | D:9      | Reached XP level 11. HP: 8/86 MP: 6/29
 13443 | D:9      | HP: 4/86 [centaur warrior (1)]
 13444 | D:9      | Shot with an arrow by a centaur warrior

Illustrated notes

Levels and vault maps discovered:
D:1:      kb_arrival_jail, layout_basic
D:2:      layout_rooms, serial_shops, shop, minmay_box_of_dots
D:3:      layout_rooms, serial_shops, shop_statue,
          shapermc_ecumenical_altar_rom_forum, uniq_crazy_yiuf_cottage
D:4:      layout_basic, grunt_temple_overflow_open, serial_bayou,
          serial_bayou_crossing, serial_bayou_lagoon_a, serial_bayou_lake_a,
          serial_bayou_pond_a, gammafunk_ghost_mausoleum,
          minmay_misc_feat_plants, st_stairs_10
D:5:      layout_loops_cross, kennysheep_mini_moat,
          nicolae_qazlal_eye_of_the_storm, gammafunk_ghost_split
D:6:      layout_rooms, gammafunk_temple_overflow_wave,
          minmay_temple_entry_mist, uniq_maggie
D:7:      layout_cave_pools, mainiacjoe_overflow_catwalk, serial_gnoll_camp,
          gnoll_camp_huts_basic, gnoll_camp_mini_shop, gnoll_camp_mini_house,
          gnoll_camp_mini_doghouse, gnoll_camp_mini_hut, uniq_menkaure
D:8:      gammafunk_jiyva_shrine, layout_loops_ring, kennysheep_little_box,
          erik_lair_orcish_takeover, minmay_three_doors
D:9:      layout_rooms, mainiacjoe_overflow_chevrons, enter_bailey_6,
          gammafunk_ghost_ooze, uniq_joseph
D:10:     layout_cave_pools, nicolae_overflow_crystal_walls, david_orc_5,
          serial_shops, nicolae_take_the_stairs
D:11:     layout_irregular_city, uniq_fannar

Skill      XL: |  1  2  3  4  5  6  7  8  9 10 |
---------------+-------------------------------+-----
Spellcasting   | 2 3 4 5 6 8 10 | 10.0
Conjurations   | 4 5 6 7 8 10 | 10.4
Fighting       | 2 5 |  5.0
Evocations     | 1 5 |  5.0
Dodging        | |  1.7
Stealth        | |  1.7

Action                   |  1- 3 |  4- 6 |  7- 9 | 10-12 || total
-------------------------+-------+-------+-------+-------++-------
Melee: Unarmed           |    37 |       |       |       ||    37
       Punch             |     1 |       |       |       ||     1
       Short sword       |       |     1 |       |       ||     1
       Mace              |       |     6 |    24 |    56 ||    86
 Cast: Magic Dart        |    66 |   124 |   139 |   109 ||   438
       Searing Ray       |     3 |    27 |    67 |    48 ||   145
       Iskenderun's Myst |       |       |    14 |    23 ||    37
Evoke: Wand              |       |     2 |     1 |     7 ||    10
  Use: Scroll            |       |     8 |     4 |     4 ||    16
 Stab: Paralysed         |       |       |       |     9 ||     9
Armor: Robe              |     4 |     2 |    17 |    24 ||    47
Dodge: Dodged            |    44 |    32 |   125 |   159 ||   360
